 Dungeon Crawl Stone Soup version 0.31-a0-202-g547052bce9 (webtiles) character file.

Game seed: 5335961881758747564

17 qw the Shooter (level 2, -3/16 HPs)
             Began as a Deep Elf Hunter on June 26, 2023.
             Slain by a gnoll
             ... wielding a +0 whip
              (4 damage)
             ... on level 1 of the Dungeon.
             The game lasted 00:00:07 (207 turns).

qw the Shooter (Deep Elf Hunter)                     Turns: 207, Time: 00:00:08

Health: -3/16      AC:  3    Str:  8    XL:     2   Next: 44%
Magic:  4/4        EV: 12    Int: 13    God:
Gold:   17         SH:  0    Dex: 18    Spells: 1/1 levels left

rFire   . . .        a - +0 shortbow
rCold   . . .        (shield currently unavailable)
rNeg    . . .        c - +0 leather armour
rPois   .            (no helmet)
rElec   .            (no cloak)
rCorr   .            (no gloves)
SInv    .            (no boots)
Will    .....        (no amulet)
Stlth   ++           (no ring)
HPRegen 0.22/turn    (no ring)
MPRegen 0.09/turn

%: no passive effects
@: no status effects
A: no striking features
a: no special abilities


You were on level 1 of the Dungeon.
You visited 1 branch of the dungeon, and saw 1 of its levels.

You collected 17 gold pieces.


   Skills:
 - Level 1.5 Fighting
 + Level 6.2 Ranged Weapons
 - Level 2.4 Dodging
 - Level 1.2 Stealth


You had one spell level left.
You didn't know any spells.
Your spell library was empty.

Inventory:

Hand Weapons
 a - a +0 shortbow (weapon)
Armour
 c - a +0 leather armour (worn)
Scrolls
 b - a scroll of butterflies
 d - 3 scrolls of identify {unknown}
Potions
 e - a potion of curing {unknown}

Dungeon Overview and Level Annotations

Branches:
Dungeon (1/15)

Altars:

Shops:
D:1 (?


Message History

You shoot an arrow. The arrow hits the quokka!
You kill the quokka!
There is a faded altar of an unknown god here.
You now have 17 gold pieces (gained 9).
A hobgoblin and a quokka come into view.
Enter note: You shoot an arrow.
The arrow hits the quokka.
You kill the quokka!
The hobgoblin shouts!
You hear a shout!
You shoot an arrow. The arrow hits the hobgoblin.
The hobgoblin is lightly wounded.
You shoot an arrow.
The arrow hits the hobgoblin but does no damage.
The hobgoblin is lightly wounded.
A gnoll comes into view. It is wielding a +0 whip.
You shoot an arrow. The arrow closely misses the hobgoblin.
A bat comes into view.
The bat moves out of view.
You shoot an arrow.
The arrow hits the hobgoblin but does no damage.
The hobgoblin is lightly wounded.
You shoot an arrow. The arrow closely misses the hobgoblin.
The hobgoblin hits you but does no damage.
You shoot an arrow. The arrow hits the hobgoblin!
You kill the hobgoblin!
You shoot an arrow. The arrow closely misses the gnoll.
You shoot an arrow.
The arrow hits the gnoll but does no damage.
The gnoll hits you with a +0 whip. The bat closely misses you.
You shoot an arrow. The arrow hits the gnoll!
The gnoll is severely wounded.
The bat barely misses you. The bat hits you but does no damage.
The gnoll completely misses you. The bat misses you.
You shoot an arrow. The arrow hits the gnoll.
The gnoll is severely wounded.
The bat hits you but does no damage. The bat misses you.
The gnoll hits you with a +0 whip!
Ouch! That really hurt!
The gnoll hits you with a +0 whip.
You die...

#.##.. #......# #.#...
#......# #.#.## #...?..#
#..># ....?.# ##..## .....
#...# ...# #..#### #g.#
#..#... ###@.######
#....## #...b.....# #.####
#.........####.####
########.................#
.........................#
########.................#
#........_..#.#####
#######.8.8.#.# #.......#


You could see a gnoll and a bat.

Vanquished Creatures
  A dart slug (D:1)
  A bat (D:1)
  An endoplasm (D:1)
  A giant cockroach (D:1)
  4 hobgoblins (D:1)
  3 quokkas (D:1)
  A frilled lizard (D:1)
12 creatures vanquished.

Notes
Turn   | Place    | Note
-------+----------+-------------------------------------------
     0 | D:1      | qw the Deep Elf Hunter began the quest for the Orb.
     0 | D:1      | Reached XP level 1. HP: 12/12 MP: 3/3
     0 | D:1      | 0 ||| qw: Version: 0.3-a-22-g0ed2b0b
     0 | D:1      | 0 ||| qw: Game counter: 6281
     0 | D:1      | 0 ||| qw: Melee chars always use a shield: true
     0 | D:1      | 0 ||| qw: God list: Okawaru
     0 | D:1      | 0 ||| qw: Allow faded altars: false
     0 | D:1      | 0 ||| qw: Do Orc after clearing Dungeon:15 true
     0 | D:1      | 0 ||| qw: Do second Lair branch before Depths: true
     0 | D:1      | 0 ||| qw: Lair rune preference: random
     0 | D:1      | 0 ||| qw: Goals: Normal
     0 | D:1      | 0 ||| PLANNING D:1-11
    18 | D:1      | Found Zeipnukk's Magic Scroll Emporium.
    32 | D:1      | 32 ||| SHOPLISTING scroll of identify (28 gold, have 8).
    32 | D:1      | 32 ||| SHOPLISTING scroll of teleportation (42 gold, have
                  | 8).
   130 | D:1      | Reached XP level 2. HP: 14/16 MP: 4/4
   140 | D:1      | Found Viczas's Antique Weapon Shoppe.
   143 | D:1      | Reached skill level 6 in Ranged Weapons
   150 | D:1      | 150 ||| SHOPLISTING runed arbalest (135 gold, have 8).
   165 | D:1      | Found a faded altar of an unknown god.
   207 | D:1      | HP: 1/16 [gnoll/+0 whip (9)]
   207 | D:1      | Slain by a gnoll

Levels and vault maps discovered:
D:1:      wander_arrival_desolate, layout_rooms,
          dreamdust_ecumenical_altar_statues, serial_shops,
          nicolae_shop_statue_plus, shop, shop, chequers_mini_garden

Skill      XL: |  1  2 |
---------------+-------+-----
Ranged Weapons | 6 |  6.2
Fighting       | |  1.5
Dodging        | |  2.4
Stealth        | |  1.2

Action                     || total
---------------------------++-------
   Fire: Shortbow          ||    37
 Armour: Leather armour    ||     3
  Dodge: Dodged            ||     8

Table legend:
 A = Non-vault XP
 B = Vault XP
 C = Vault XP percentage of total XP
 D = Non-vault monster count
 E = Vault monster count
 F = Vault count percentage of total count
                 A         B        C        D         E       F
            +---------+---------+-------+---------+---------+-------
      Total |      25 |       0 |   0.0 |      12 |       0 |   0.0
            +---------+---------+-------+---------+---------+-------
        D:1 |      25 |       0 |   0.0 |      12 |       0 |   0.0
            +---------+---------+-------+---------+---------+-------
